AoeStats
← zombiekiller7

Coastal Forest

511011800Analyzed
2v2 RM · 5h ago on Oct 3, 2026· 43m 7s· 4 players
Game mode
Random Map
Map size
Medium (4 player)
Population
200
Speed
Normal
Resources
Standard
Victory
Conquest
Starting age
Dark Age
Ending age
Imperial Age
RankedLock teamsTeams togetherTeam positionsShared explorationLock speedFull tech treeHidden civsTurbo modeCheats
Victory
Defeat
🇹🇷 Celts · Türkiye
983
+14
🇳🇱 Goths · Netherlands
924
+17
🇦🇷 Byzantines · Argentina
952
-16
🇦🇷 Vikings · Argentina
926
-15
gdpadilla950
3:38 Loom
10:47 Feudal Age
17:46 Castle Age
16:39 Double-Bit Axe
19:16 Man-at-Arms
21:00 Long Swordsman
26:44 Squires
26:51 Scale Mail Armor
27:41 Forging
27:21 Arson
30:40 Fletching
34:58 Imperial Age
33:31 Chain Mail Armor
34:29 Ballistics
38:07 Two-Handed Swordsman
joaquinc96
12:09 Feudal Age
12:55 Loom
13:31 Double-Bit Axe
20:41 Castle Age
36:19 Crossbowman
39:33 Fletching
SKAY
0:28 Loom
11:19 Feudal Age
16:56 Castle Age
15:34 Double-Bit Axe
15:55 Man-at-Arms
17:10 Long Swordsman
26:56 Horse Collar
28:10 Forging
32:38 Imperial Age
30:41 Pikeman
31:23 Scale Mail Armor
33:07 Two-Handed Swordsman
36:39 Squires
36:37 Champion
41:11 Wheelbarrow
41:37 Conscription
zombiekiller7
11:24 Feudal Age
9:42 Loom
15:46 Castle Age
13:57 Double-Bit Axe
16:36 Pikeman
32:37 Imperial Age
32:00 Bow Saw
32:11 Horse Collar
34:48 Wheelbarrow
36:24 Forging
36:34 Capped Ram
36:42 Halberdier
38:27 Gold Mining
38:32 Stone Mining
39:18 Town Watch
40:47 Hand Cart
41:06 Siege Ram
44:21 Iron Casting
Connection lost

Rejoining the realm…

Still unreachable

The connection could not be restored.

Session expired

The server has moved on; the page needs a fresh start.